 Seeded DCSS version 0.29.1-12-g30fa7ad0bf (webtiles) character file.

Game seed: 1 (custom seed)

101997 Kazon the Victor of a Thousand Battles (level 15, -4/178 HPs)
             Began as a Demonspawn Fighter on Dec 20, 2022.
             Was the Champion of Okawaru.
             Slain by a spark wasp (14 damage)
             ... on level 3 of the Spider Nest.
             The game lasted 02:00:19 (17662 turns).

Kazon the Victor of a Thousand Battles (DsFi)      Turns: 17662, Time: 02:00:21

Health: -4/178     AC: 32    Str: 18    XL:     15   Next: 85%
Magic:  23/24      EV:  2    Int: 11    God:    Okawaru [******]
Gold:   1701       SH:  0    Dex: 23    Spells: 14/14 levels left

rFire   + + +      SeeInvis +   d - +5 glaive of the Guard {elec, spectral, AC+5}
rCold   . . .      Faith    .   (shield currently unavailable)
rNeg    . . .      Spirit   .   (body armour currently unavailable)
rPois   +          Reflect  .   (helmet currently unavailable)
rElec   .          Harm     .   (cloak currently unavailable)
rCorr   .          Rampage  .   (gloves currently unavailable)
Will    +....      NoTele   +   (boots currently unavailable)
Stlth   +++++++...              O - amulet "Odemouw" {Contam rPois rF+++ Regen+ Stlth+}
HPRegen 4.19/turn               r - ring of see invisible
MPRegen 0.19/turn               V - +6 ring of dexterity

@: lethally poisoned (-4 -> -4), tree-form, heroic
A: stationary, stasis, torment immunity, boosted hp, (claws 2), (yellow scales
2), powered by death 2, (spiny 2)
a: Renounce Religion, Heroism, Finesse, Duel


You were on level 3 of the Spider Nest.
You worshipped Okawaru.
Okawaru was exalted by your worship.
You were a tree.
You visited 4 branches of the dungeon, and saw 22 of its levels.

You collected 2572 gold pieces.
You spent 871 gold pieces at shops.

Inventory:

Hand Weapons
 d - the +5 glaive of the Guard (weapon) {elec, spectral, AC+5}
   (You acquired it on level 1 of the Dungeon)

   It occasionally discharges a powerful burst of electricity upon striking a
   foe.
   When it strikes, its spirit leaps out and fights alongside the wielder.
   AC:        It affects your AC (+5).
 f - the +2 Maxwell's thermic engine {flame, freeze}
   (You found it on level 1 of the Lair of Beasts)

   It burns those it strikes, dealing additional fire damage.
   Big, fiery blades are also staple armaments of hydra-hunters.
   It freezes those it strikes, dealing additional cold damage.
   It can also slow down cold-blooded creatures.
   It becomes more effective when it hits something.
   This effect fades over time.
 v - a +2 executioner's axe of venom
Missiles
 e - a javelin
 j - 29 poisoned darts (quivered)
 n - 26 boomerangs
 H - 6 datura-tipped darts
 J - 5 curare-tipped darts
Armour
 c - a +2 buckler
 k - a +0 helmet of intelligence (melded)
 l - a +2 pair of boots (melded)
 m - the +3 ring mail of Jesoqe (melded) {Drain rElec Regen+ rCorr}
   (Okawaru gifted it to you on level 13 of the Dungeon)

   rElec:     It insulates you from electricity.
   Regen:     It increases your rate of health regeneration.
   rCorr:     It protects you from acid and corrosion.
   Drain:     It drains your maximum health when unequipped.
 Q - a scarf of resistance (melded)
Jewellery
 r - a ring of see invisible (left branch)
 O - the amulet "Odemouw" (around neck) {Contam rPois rF+++ Regen+ Stlth+}
   (You bought it in a shop on level 8 of the Dungeon)

   [amulet of regeneration]

   rF:        It renders you almost immune to fire.
   rPois:     It protects you from poison.
   Contam:    It causes magical contamination when unequipped.
   Regen:     It increases your rate of health regeneration.
   Stlth:     It makes you more stealthy.
 P - a ring of protection from cold
 V - a +6 ring of dexterity (right branch)
Wands
 z - a wand of mindburst (33)
 C - a wand of flame (37)
 K - a wand of paralysis (25)
 L - a wand of roots (11)
 R - a wand of polymorph (11)
Scrolls
 i - 3 scrolls of identify
 o - 4 scrolls of immolation
 p - 3 scrolls of poison {unknown}
 s - 6 scrolls of teleportation
 t - 2 scrolls of magic mapping
 y - 4 scrolls of enchant weapon {unknown}
 E - 3 scrolls of fog {unknown}
 I - 3 scrolls of fear
 Y - 2 scrolls of silence
Potions
 a - 2 potions of ambrosia {unknown}
 b - 5 potions of berserk rage
 g - 4 potions of haste
 h - 4 potions of flight
 u - 9 potions of lignification
 x - 4 potions of might
 A - 3 potions of cancellation
 F - 7 potions of curing
 T - 2 potions of heal wounds
 U - a potion of invisibility
Miscellaneous
 q - a phial of floods
 G - a lightning rod (4/4)
 N - a condenser vane


   Skills:
 + Level 11.6(16.6) Fighting
 + Level 6.5(11.5) Long Blades
 + Level 4.5(14.0) Axes
 + Level 12.0(17.3) Polearms
 + Level 3.5(8.5) Ranged Weapons
 + Level 9.8(14.8) Throwing
 + Level 6.7(11.7) Armour
 + Level 5.6(10.6) Dodging
 + Level 7.2(12.2) Stealth
 + Level 3.9(8.9) Shields
 * Level 13.2 Invocations
 * Level 11.3 Evocations


You had 14 spell levels left.
You didn't know any spells.
Your spell library contained the following spells:

 Spells                   Type           Power      Damage    Failure   Level
 Apportation              Tloc           0%         N/A       34%         1
 Magic Dart               Conj           0%         1d3       34%         1
 Necrotise                Necr           0%         1d4       34%         1
 Sting                    Tmut/Pois      0%         1d3       34%         1
 Poisonous Vapours        Pois/Air       0%         N/A       47%         2
 Dazzling Flash           Conj/Hex       0%         N/A       71%         3
 Mephitic Cloud           Conj/Pois/Air  0%         N/A       71%         3
 Ozocubu's Armour         Ice            0%         N/A       71%         3
 Iskenderun's Mystic Bla  Conj/Tloc      0%         2d3       98%         4
 Olgreb's Toxic Radiance  Pois           0%         N/A       98%         4
 Blade Hands              Tmut           0%         N/A       100%        5
 Fireball                 Conj/Fire      0%         3d3       100%        5
 Iskenderun's Battlesphe  Conj           0%         2d6       100%        5
 Metabolic Englaciation   Hex/Ice        0%         N/A       100%        5
 Conjure Ball Lightning   Conj/Air       0%         3x3d6     100%        6
 Iron Shot                Conj/Erth      0%         9d1       100%        6
 Starburst                Conj/Fire      0%         6d3       100%        6
 Orb of Destruction       Conj           0%         9d5       100%        7
 Ozocubu's Refrigeration  Ice            0%         4d7       100%        7
 Summon Small Mammal      Summ           Unusable   N/A       N/A         1
 Call Imp                 Summ           Unusable   N/A       N/A         2
 Animate Armour           Summ/Erth      Unusable   N/A       N/A         4
 Simulacrum               Ice/Necr       Unusable   N/A       N/A         6

Dungeon Overview and Level Annotations

Branches:
Dungeon (13/15)            Temple (1/1) D:7            Lair (5/5) D:10
 Shoals (0/4) Lair:3       Spider (3/4) Lair:3        Slime (0/5) Lair:4
    Orc (0/2) D:12         Vaults (0/5) D:13

Altars:
Ashenzari
Dithmenos
Gozag
Hepliaklqana
Kikubaaqudgha
Makhleb
Nemelex Xobeh
Okawaru
Qazlal
Uskayaw
Xom
Jiyva

Shops:
D:3 (   D:8 ?(==   D:10 :   D:13 !


Innate Abilities, Weirdness & Mutations

You are a tree.
Your roots penetrate the ground, keeping you stationary.
You cannot be teleported.
You are immune to unholy pain and torment.
Your maximum health is greatly increased.
Your equipment is partially melded.
((You have very sharp fingernails.))
((You are mostly covered in yellow scales. (AC +3)))
You regenerate health from kills.
((You are mostly covered in sharp spines.))


Message History

You feel yourself speed up.
You feel very sick. The culicivora bites you.
* * * LOW HITPOINT WARNING * * *
The culicivora draws strength from your injuries!
The spark wasp stings your +5 glaive of the Guard {elec, spectral, AC+5} but does no damage.
You slice the culicivora!!
The culicivora is almost dead.
Your +5 glaive of the Guard {elec, spectral, AC+5} hits the culicivora!
You kill the culicivora!
Okawaru accepts your kill.
You feel very sick.
The spark wasp stings your +5 glaive of the Guard {elec, spectral, AC+5}!!
Your spectral weapon shares its damage with you!
Your +5 glaive of the Guard {elec, spectral, AC+5} fades away.
* * * LOW HITPOINT WARNING * * *
You closely miss the jumping spider.
Your +5 glaive of the Guard {elec, spectral, AC+5} closely misses the jumping spider.
You feel sick.
The spark wasp stings your +5 glaive of the Guard {elec, spectral, AC+5}!!
Your spectral weapon shares its damage with you!
The spark wasp shocks your +5 glaive of the Guard {elec, spectral, AC+5}.
Your +5 glaive of the Guard {elec, spectral, AC+5} resists.
Your spectral weapon shares its damage with you!
* * * LOW HITPOINT WARNING * * *
The jumping spider pounces on you but does no damage.
The jumping spider completely misses you.
It was a potion of lignification.
You turn into a tree.
Your scarf of resistance melds into your body.
Your +0 helmet of intelligence melds into your body.
Your +2 pair of boots melds into your body.
The +3 ring mail of Jesoqe {Drain rElec Regen+ rCorr} melds into your body.
You feel hot and cold all over.
You feel stupid.
Your roots penetrate the ground.
You feel very sick.
The jumping spider pounces on you but does no damage.
The jumping spider bites you but does no damage.
The jumping spider leaps!
The spark wasp stings you!
You die...

.^###..###......##...#
....####.##.....[#...#
.....(.!.###.....##..#
..(s.>...##.......#..#
#...ss..##.......#.^#
##### #(°..####<...#..#
#...###†.#.####....#..#
#....##..###y##...^####
##....##.s..§♣#......##
###.......^###.......#
##.....###.........#
#.....##...........#
#......##..........#
###.....#.....^##..#
#####.......#....###...#
#.^.......†^#...##.....#
#......#...######......#


You could see a spark wasp and a jumping spider.

Vanquished Creatures
  Rupert (D:12)
  3 emperor scorpions
  A ghost moth (Spider:1)
  2 broodmothers
  Nessos (D:12)
  Azrael (D:12)
  2 entropy weavers
  A fire dragon (D:13)
  2 boulder beetles
  Fannar (Lair:2)
  2 hydras (D:13)
  Erolcha (D:10)
  4 catoblepae
  A vault guard (D:13)
  3 centaur warriors (D:13)
  3 two-headed ogres
  10 death yaks
  4 skeletal warriors (D:13)
  3 pharaoh ants
  A fire crab (D:13)
  A sun moth (Spider:1)
  Lodul (D:12)
  4 steelbarb worms
  5 spectral wolf spiders (Spider:1)
  4 orb spiders
  6 wolf spider zombies (Spider:1)
  13 wolf spiders
  A cyclops (D:12)
  A deep elf pyromancer (D:13)
  2 ugly things
  5 elephants (Lair:4)
  4 manticores
  5 black mambas
  5 torpor snails
  11 cane toads
  Maggie (D:6)
  4 rime drakes
  2 unseen horrors
  4 kobold demonologists (D:11)
  15 komodo dragons
  7 demonic crawlers
  A tengu conjurer (D:12)
  4 trolls
  Prince Ribbit (D:9)
  14 tarantellas
  A polar bear (Lair:4)
  2 wolf spider simulacra (Spider:1)
  17 blink frogs
  5 dream sheep (Lair:4)
  15 jumping spiders
  A snapping turtle (Lair:3)
  2 shadows
  2 vampires
  63 yaks
  13 culicivoras
  2 wraiths (D:12)
  2 fire elementals
  5 wyverns
  4 basilisks
  Eustachio (D:5)
  27 redbacks
  2 steam dragons
  4 vampire mosquitoes (D:13)
  Menkaure (D:5)
  Edmund (D:6)
  2 acid dragons
  16 water moccasins
  2 hell hounds (D:13)
  5 orc warriors
  An ice beast (shapeshifter) (D:13)
  An ice beast (D:8)
  5 sky beasts
  2 black bears (D:6)
  5 centaurs
  7 ogres
  A wolf (D:10)
  2 phantoms (D:6)
  3 kobold brigands
  3 necrophages
  6 bullfrogs
  A gnoll sergeant (D:7)
  10 scorpions
  21 wights
  3 killer bees (D:10)
  3 electric eels
  A howler monkey (D:5)
  2 jellies (D:6)
  6 hounds
  7 orc priests
  A gnoll bouda (D:7)
  6 iguanas
  4 orc wizards
  4 hell rats
  Robin (D:3)
  14 gnolls
  13 adders
  3 shadow imps
  2 white imps (D:7)
  An ufetubus (D:5)
  4 worms
  37 orcs
  11 endoplasms
  3 giant cockroaches
  16 goblins
  9 hobgoblins
  A jackal (D:4)
  26 kobolds
  2 quokkas
  5 ball pythons
  4 bats
  3 frilled lizards
  6 rats
629 creatures vanquished.

Vanquished Creatures (others)
  26 fungi
  37 plants
63 creatures vanquished.

Grand Total: 692 creatures vanquished

Notes
Turn   | Place    | Note
-------+----------+-------------------------------------------
     0 | D:1      | Kazon the Demonspawn Fighter began the quest for the Orb.
     0 | D:1      | Reached XP level 1. HP: 18/18 MP: 1/1
    32 | D:1      | Identified a scroll of acquirement
    32 | D:1      | Acquired the +5 glaive of the Guard {elec, spectral, AC+5}
    32 | D:1      | Found the +5 glaive of the Guard {elec, spectral, AC+5}
   145 | D:1      | Gained mutation: You are partially covered in sharp spines.
                  | [demonic ancestry]
   145 | D:1      | Reached XP level 2. HP: 24/24 MP: 2/2
   790 | D:2      | Gained mutation: You regenerate a little health from kills.
                  | [demonic ancestry]
   790 | D:2      | Reached XP level 3. HP: 29/29 MP: 3/3
   825 | D:2      | Reached skill level 1 in Polearms
  1061 | D:2      | Reached XP level 4. HP: 19/35 MP: 4/4
  1181 | D:3      | Found Umat's Antique Weapon Boutique.
  1344 | D:3      | Noticed Robin
  1347 | D:3      | Killed Robin
  1351 | D:3      | Reached skill level 1 in Throwing
  1368 | D:3      | Reached XP level 5. HP: 40/42 MP: 5/5
  1571 | D:3      | Reached skill level 5 in Fighting
  1571 | D:3      | Reached skill level 5 in Armour
  1571 | D:3      | Reached skill level 5 in Invocations
  1571 | D:3      | Reached XP level 6. HP: 52/52 MP: 5/9
  2495 | D:4      | Gained mutation: You have sharp fingernails. [demonic
                  | ancestry]
  2495 | D:4      | Reached XP level 7. HP: 57/57 MP: 10/10
  2496 | D:4      | Reached skill level 5 in Polearms
  2638 | D:4      | Found a hazy altar of Hepliaklqana.
  2712 | D:5      | Entered Level 5 of the Dungeon
  2740 | D:5      | Noticed Menkaure
  2746 | D:5      | Killed Menkaure
  2943 | D:5      | Reached skill level 1 in Ranged Weapons
  2943 | D:5      | Gained mutation: You have very sharp fingernails. [demonic
                  | ancestry]
  2943 | D:5      | Reached XP level 8. HP: 64/64 MP: 11/11
  3261 | D:5      | Noticed Eustachio
  3263 | D:5      | Killed Eustachio
  3620 | D:6      | Noticed Edmund
  3627 | D:6      | Killed Edmund
  3650 | D:6      | Gained mutation: You are mostly covered in sharp spines.
                  | [demonic ancestry]
  3650 | D:6      | Reached XP level 9. HP: 70/70 MP: 12/12
  3654 | D:6      | Reached skill level 5 in Throwing
  3828 | D:6      | Noticed Maggie
  3833 | D:6      | Killed Maggie
  3834 | D:6      | Reached skill level 5 in Evocations
  4602 | D:7      | Found a staircase to the Ecumenical Temple.
  4612 | Temple   | Entered the Ecumenical Temple
  4619 | Temple   | Became a worshipper of Warmaster Okawaru
  4657 | D:7      | Found a hide-covered altar of Uskayaw.
  4946 | D:7      | Gained mutation: You are partially covered in yellow
                  | scales. (AC +2) [demonic ancestry]
  4946 | D:7      | Reached XP level 10. HP: 77/77 MP: 13/13
  5108 | D:7      | Reached * piety under Okawaru
  5283 | D:8      | Found Quzidd's Magic Scroll Emporium.
  5288 | D:8      | Bought a scroll of teleportation for 42 gold pieces
  5498 | D:8      | Found Esumer's Weapon Shop.
  5806 | D:8      | Found Heidghoki's Jewellery Shop.
  5892 | D:8      | Found Zoxtaeshakh's Jewellery Boutique.
  6179 | D:9      | Noticed Prince Ribbit
  6185 | D:9      | Killed Prince Ribbit
  6301 | D:9      | Reached ** piety under Okawaru
  6576 | D:9      | Noticed a two-headed ogre
  6581 | D:9      | Killed a two-headed ogre
  6582 | D:9      | Reached skill level 6 in Invocations
  6802 | D:10     | Entered Level 10 of the Dungeon
  6825 | D:10     | Reached *** piety under Okawaru
  6906 | D:10     | Gained mutation: You are mostly covered in yellow scales.
                  | (AC +3) [demonic ancestry]
  6906 | D:10     | Reached XP level 11. HP: 81/84 MP: 15/15
  7242 | D:10     | Found Juagoaq's Book Shoppe.
  7409 | D:10     | Found a staircase to the Lair.
  7493 | D:10     | Reached **** piety under Okawaru
  7495 | D:10     | Reached skill level 5 in Stealth
  7498 | D:10     | Received a gift from Okawaru
  7629 | D:10     | Identified the +5 long sword of the Land of Plenty {drain,
                  | Dex+3}
  7669 | D:10     | Noticed Erolcha
  7674 | D:10     | Killed Erolcha
  7856 | D:11     | Noticed a green ugly thing
  7859 | D:11     | Killed a green ugly thing
  7860 | D:11     | Reached skill level 7 in Invocations
  7891 | D:11     | Reached ***** piety under Okawaru
  8452 | D:11     | You fall into a shaft and drop 1 floor!
  8506 | D:12     | Received a gift from Okawaru
  8656 | D:12     | Noticed a two-headed ogre
  8665 | D:12     | Killed a two-headed ogre
  8666 | D:12     | Reached XP level 12. HP: 94/94 MP: 17/17
  8797 | D:8      | Bought the amulet "Odemouw" {Contam rPois rF+++ Regen+
                  | Stlth+} for 734 gold pieces
  8867 | Lair:1   | Entered Level 1 of the Lair of Beasts
  8870 | Lair:1   | Received a gift from Okawaru
  8892 | Lair:1   | Reached skill level 8 in Invocations
  8959 | Lair:1   | Found the +2 Maxwell's thermic engine {flame, freeze}
  9221 | Arena    | Entered the Arena
  9725 | Lair:2   | Noticed a catoblepas
  9761 | Lair:2   | Killed a catoblepas
  9790 | Lair:2   | Noticed Fannar
  9802 | Lair:2   | Killed Fannar
 10508 | Lair:3   | Found a hole to the Spider Nest.
 10646 | Lair:3   | Reached skill level 9 in Invocations
 10646 | Lair:3   | Received a gift from Okawaru
 10750 | Lair:3   | Noticed a death yak
 10761 | Lair:3   | Noticed a death yak
 10763 | Lair:3   | Noticed a death yak
 10765 | Lair:3   | Noticed a death yak
 10773 | Lair:3   | Killed a death yak
 10777 | Lair:3   | Killed a death yak
 10778 | Lair:3   | Reached XP level 13. HP: 101/101 MP: 19/19
 10781 | Lair:3   | Received a gift from Okawaru
 10827 | Lair:3   | Found an ancient bone altar of Kikubaaqudgha.
 11057 | Lair:3   | Found a staircase to the Shoals.
 11406 | Lair:4   | Found a viscous altar of Jiyva.
 11407 | Lair:4   | Found a staircase to the Slime Pits.
 11436 | Lair:4   | Reached ****** piety under Okawaru
 11441 | Lair:4   | Identified the +5 bardiche "Kulouq" {drain, rC+ Will+}
                  | (Okawaru gifted it to you on level 4 of the Lair of Beasts)
 11441 | Lair:4   | Received a gift from Okawaru
 11442 | Lair:4   | Reached skill level 5 in Long Blades
 11643 | Lair:4   | Identified the +3 battleaxe "Adididghufym" {antimagic, rF+
                  | Will+}
 11944 | Lair:5   | Entered Level 5 of the Lair of Beasts
 12037 | Lair:5   | Reached skill level 10 in Invocations
 12100 | Lair:5   | Reached skill level 10 in Fighting
 12238 | Lair:5   | Reached skill level 10 in Polearms
 12259 | Lair:5   | Received a gift from Okawaru
 12464 | Lair:5   | Received a gift from Okawaru
 12814 | Lair:5   | Reached skill level 5 in Dodging
 12874 | Lair:5   | Gained mutation: You regenerate health from kills. [demonic
                  | ancestry]
 12874 | Lair:5   | Reached XP level 14. HP: 55/110 MP: 21/21
 13219 | D:12     | Noticed Lodul
 13228 | D:12     | Killed Lodul
 13269 | D:12     | Noticed Nessos
 13276 | D:12     | Killed Nessos
 13277 | D:12     | Reached skill level 11 in Invocations
 13340 | D:12     | Found a staircase to the Orcish Mines.
 13475 | D:12     | Noticed Rupert
 13480 | D:12     | Killed Rupert
 13691 | D:12     | Received a gift from Okawaru
 13758 | D:13     | Noticed Azrael
 13771 | D:12     | Killed Azrael
 13873 | D:13     | Found Ituota Roil's Distillery.
 13876 | D:13     | Bought a potion of berserk rage for 95 gold pieces
 13959 | D:13     | Identified the +3 ring mail of Jesoqe {Drain rElec Regen+
                  | rCorr} (Okawaru gifted it to you on level 13 of the
                  | Dungeon)
 13959 | D:13     | Received a gift from Okawaru
 14259 | D:13     | Reached skill level 10 in Evocations
 14280 | D:13     | Found a gate to the Vaults.
 14810 | Spider:1 | Entered Level 1 of the Spider Nest
 14889 | Spider:1 | Reached skill level 1 in Axes
 15038 | Spider:1 | Identified the +4 great sword "Acotwoff" {drain, rF+ Dex+4}
                  | (Okawaru gifted it to you on level 1 of the Spider Nest)
 15038 | Spider:1 | Received a gift from Okawaru
 15158 | Spider:1 | Acquired 842 gold pieces
 15285 | Spider:1 | Reached XP level 15. HP: 118/118 MP: 23/23
 15371 | Spider:1 | Reached skill level 12 in Invocations
 15395 | Spider:1 | Received a gift from Okawaru
 15395 | Spider:1 | Found the +8 demon trident "Rift" {distort, reach+}
 15848 | Spider:1 | Received a gift from Okawaru
 16125 | Spider:1 | Noticed an emperor scorpion
 16134 | Spider:1 | Killed an emperor scorpion
 16445 | Spider:2 | Noticed an emperor scorpion
 16462 | Spider:2 | Killed an emperor scorpion
 17240 | Spider:3 | Reached skill level 13 in Invocations
 17526 | Spider:3 | Noticed an emperor scorpion
 17533 | Spider:3 | Killed an emperor scorpion
 17533 | Spider:3 | Received a gift from Okawaru
 17662 | Spider:3 | Slain by a spark wasp

Illustrated notes

Levels and vault maps discovered:
D:1:      dpeg_arrival_three_smaller_balls, layout_basic
D:2:      layout_loops_ring
D:3:      layout_basic, serial_shops, nicolae_shop_stone, st_stairs_9,
          minmay_misc_feat_doors, eino_curves_03, uniq_robin
D:4:      minmay_wonky_spiral, layout_basic,
          mainiacjoe_overflow_surrounded_room, minivault_5
D:5:      layout_cave_pods, uniq_menkaure, uniq_eustachio
D:6:      cheibrodos_barr_body, layout_basic, minmay_crystal_room,
          minmay_pentangle, uniq_maggie, uniq_edmund
D:7:      layout_cave_pools, nicolae_uskayaw_murder_on_the_dancefloor,
          elyvilon_altar_4, minmay_temple_entry_purple_smoke
D:8:      layout_basic, serial_shops, shop_statue, kennysheep_little_box, shop,
          nicolae_shop_window_shopping
D:9:      layout_cave_pools, uniq_prince_ribbit1
D:10:     layout_stronghold, erik_lair_island, serial_shops,
          nicolae_shop_statue_plus, uniq_erolcha
D:11:     layout_roguey
D:12:     layout_loops_ring, orc_0_dummy, chequers_serial_rivers_marsh,
          uniq_lodul, uniq_nessos, uniq_rupert
D:13:     layout_gridville, david_vaults_5, serial_shops,
          nicolae_shop_behind_doors, minmay_fractal_squares_gapless_5,
          uniq_azrael
Temple:   nicolae_temple_bog_church
Lair:1:   layout_long_grid, fungi_pond_lemuel, cheibrodos_lair_reptile_den
Lair:2:   layout_gridlike, uniq_fannar
Lair:3:   layout_roguey, minmay_shoals_entry_hut,
          nicolae_spider_entry_non_spiders, basic_altar, serial_bayou_crossing
Lair:4:   layout_gridlike, slime_entry_1, serial_rivers,
          chequers_serial_rivers_room_a, chequers_serial_rivers_micro_c,
          chequers_serial_rivers_room_a, chequers_serial_rivers_micro_e,
          minivault_27, grunt_megastairs_3, infiniplex_staircase_pool_2
Lair:5:   evilmike_catoblepas_cave, layout_long_grid
Spider:1: layout_chambers, nicolae_spider_undead_wolf_pack
Spider:2: layout_cave_pods
Spider:3: layout_spider_delve

Skill      XL: |  1  2  3  4  5  6  7  8  9 10 11 12 13 14 15 |
---------------+----------------------------------------------+-----
Shields        | 3 |  3.9
Armour         | 3 5 6 |  6.7
Polearms       | 1 2 4 5 6 7 9 10 11 12 | 12.0
Throwing       | 1 3 4 5 6 7 8 9 |  9.8
Fighting       | 4 5 6 7 8 9 10 11 | 11.6
Dodging        | 3 4 5 |  5.6
Stealth        | 4 5 6 7 |  7.2
Invocations    | 5 6 7 9 10 11 13 | 13.2
Evocations     | 3 4 5 6 7 8 9 10 11 | 11.3
Ranged Weapons | 1 2 3 |  3.5
Long Blades    | 4 6 |  6.5
Axes           | 2 4 |  4.5

Action                   |  1- 3 |  4- 6 |  7- 9 | 10-12 | 13-15 || total
-------------------------+-------+-------+-------+-------+-------++-------
Melee: Glaive            |    40 |    46 |    92 |   216 |   289 ||   683
       Long sword        |     1 |       |       |       |       ||     1
       Double sword      |       |       |       |    84 |   143 ||   227
       Executioner's axe |       |       |       |       |   148 ||   148
 Fire: Arbalest          |       |       |    24 |    13 |     6 ||    43
Throw: Stone             |     4 |    32 |    14 |    67 |       ||   117
       Boomerang         |       |       |       |    16 |    91 ||   107
       Dart              |       |       |       |    43 |   130 ||   173
       Javelin           |       |       |       |       |     1 ||     1
Invok: Heroism           |       |       |       |     2 |     8 ||    10
       Duel              |       |       |       |     1 |       ||     1
       Finesse           |       |       |       |       |     1 ||     1
Evoke: Wand              |       |       |     2 |     9 |     5 ||    16
       Phial of floods   |       |       |       |     1 |     1 ||     2
       Condenser vane    |       |       |       |     1 |     1 ||     2
       Lightning rod     |       |       |       |       |     4 ||     4
  Use: Scroll            |     1 |       |     2 |    12 |     5 ||    20
       Potion            |       |     1 |     2 |       |     1 ||     4
 Stab: Distracted        |       |       |     2 |     4 |     9 ||    15
       Sleeping          |       |       |     6 |     7 |    19 ||    32
       Held in net/web   |       |       |       |       |     1 ||     1
Armor: Scale mail        |    21 |     4 |    10 |       |       ||    35
       Leather armour    |       |       |    22 |     7 |       ||    29
       Acid dragon scale |       |       |       |    31 |       ||    31
       Troll leather arm |       |       |       |    39 |    50 ||    89
       Ring mail         |       |       |       |       |   203 ||   203
       Skin              |       |       |       |       |     2 ||     2
Dodge: Dodged            |    19 |    12 |    45 |   143 |   409 ||   628
Block: Buckler           |     1 |       |       |    27 |    51 ||    79
